 Dungeon Crawl Stone Soup version 0.24.0-2-g5b39cebb1c (webtiles) character file.

Game seed: 1547983306794917536, levelgen mode: deterministic

28 Amplified the Caller (level 3, 0/27 HPs)
             Began as a Merfolk Summoner on Oct 29, 2019.
             Was an Initiate of Makhleb.
             Succumbed to an adder's poison
             ... on level 3 of the Dungeon.
             The game lasted 00:02:49 (1537 turns).

Amplified the Caller (Merfolk Summoner)             Turns: 1537, Time: 00:02:50

Health: 0/27       AC:  3    Str:  8    XL:     3   Next: 14%
Magic:  5/6        EV: 14    Int: 14    God:    Makhleb [......]
Gold:   98         SH:  0    Dex: 15    Spells: 5/6 levels left

rFire    . . .     SeeInvis .   e - +0 club
rCold    . . .     Gourm    .   (no shield)
rNeg     . . .     Faith    .   a - +0 robe
rPois    .         Spirit   .   (no helmet)
rElec    .         Reflect  .   (no cloak)
rCorr    .         Harm     .   j - +0 pair of gloves
MR       .....     Rnd*Tele +   (no boots)
Stlth    +++.......             (no amulet)
HPRegen  0.09/turn              f - ring of stealth
MPRegen  0.10/turn              b - ring of teleportation (curse)

@: lethally poisoned (0 -> -7)
A: change form in water, swift swim, stealthy swim
a: Renounce Religion


You were on level 3 of the Dungeon.
You worshipped Makhleb.
Makhleb was noncommittal.
You were hungry.

You visited 1 branch of the dungeon, and saw 3 of its levels.

You collected 98 gold pieces.

Inventory:

Hand Weapons
 e - a +0 club (weapon)
Missiles
 d - 34 sling bullets
 g - 58 stones (quivered)
 i - 16 poisoned darts
Armour
 a - a +0 robe (worn)
 j - a +0 pair of gloves (worn)
Jewellery
 b - a cursed ring of teleportation (right hand)
 f - a ring of stealth (left hand)
Scrolls
 h - a scroll of teleportation
 m - a scroll of fog
Comestibles
 c - 2 rations


   Skills:
 * Level 1.7 Fighting
 * Level 0.2 Maces & Flails
 * Level 3.7 Dodging
 - Level 2.1 Stealth
 - Level 2.0 Spellcasting
 - Level 4.0 Summonings
 * Level 0.3 Invocations


You had 5 spell levels left.
You knew the following spells:

 Your Spells              Type           Power        Failure   Level  Hunger
a - Summon Small Mammal   Summ           ##..         4%          1    ##.....

Your spell library contained the following spells:

 Spells                   Type           Power        Failure   Level  Hunger
 Call Imp                 Summ           ##......     7%          2    ###....
 Call Canine Familiar     Summ           ##......     14%         3    ####...
 Summon Guardian Golem    Hex/Summ       #.......     30%         3    ####...
 Summon Ice Beast         Ice/Summ       #.......     71%         4    #####..
 Summon Lightning Spire   Summ/Air       #.......     71%         4    #####..


Dungeon Overview and Level Annotations

Branches:
Dungeon (3/15)

Altars:
Makhleb
Okawaru
Trog


Message History

You feel slightly jumpy.
Oops, that ring feels deathly cold.
b - a cursed ring of teleportation (right hand)
The adder closely misses you. The goblin closely misses your quokka.
* * * LOW HITPOINT WARNING * * *
You feel sick.
Your quokka bites the hobgoblin.
The hobgoblin dies!
Makhleb accepts your kill. The goblin misses your quokka.
There is an escape hatch in the floor here.
* * * LOW HITPOINT WARNING * * *
You feel sick. The adder closely misses you.
Your quokka misses the goblin.
The goblin hits your quokka with a +0 spear.
The adder barely misses you.
Your quokka barely misses the goblin.
You slide downwards.
The hatch slams shut behind you.
You hear the sound of rushing water.
There is an entrance to a sewer on this level.
Hurry and find it before the portal rusts away!
A bat comes into view.
Found a runed falchion, a scroll of immolation, 7 bolts and an inky potion.
A kobold comes into view. It is wielding a +0 club.
You die...

..## .... >!.#
...# # ...# ###.
#...###
.....####......K
#....@....##
####.......#
#..).S..b....#
#.####.......?.
..........
#.##....(.. #.
#....## #. ....#
#. .####


You could see an adder, a bat (sleeping) and a kobold (sleeping).

Vanquished Creatures
  A dart slug (D:2)
  2 leopard geckos
  3 bats (D:1)
  A goblin (D:1)
  A ball python (D:2)
  2 rats (D:1)
10 creatures vanquished.

Vanquished Creatures (collateral kills)
  An ooze (D:1)
  A worm (D:2)
  2 bats (D:1)
  A giant cockroach (D:1)
  4 goblins (D:1)
  4 hobgoblins
  A kobold (D:1)
  A rat (D:2)
15 creatures vanquished.

Grand Total: 25 creatures vanquished

Notes
Turn   | Place    | Note
-------+----------+-------------------------------------------
     0 | D:1      | Amplified the Merfolk Summoner began the quest for the Orb.
     0 | D:1      | Reached XP level 1. HP: 13/13 MP: 3/3
    94 | D:1      | Reached skill level 1 in Fighting
   285 | D:1      | Reached XP level 2. HP: 21/21 MP: 0/5
   877 | D:2      | Found a burning altar of Makhleb.
   886 | D:2      | Became a worshipper of Makhleb the Destroyer
   987 | D:2      | Reached XP level 3. HP: 20/27 MP: 2/6
  1379 | D:2      | Found an iron altar of Okawaru.
  1379 | D:2      | Found a bloodstained altar of Trog.
  1535 | D:2      | HP: 1/27 [poisoned by an adder]
  1537 | D:3      | Succumbed to an adder's poison

Levels and vault maps discovered:
D:1:      mrwooster_arrival_arrow, layout_basic
D:2:      layout_loops_ring, amethyst_overflow_temple_binary,
          lemuel_round_altar, lemuel_crystal_altar
D:3:      layout_loops_ring, overflow_temple_1_default, gup_sewer_entry_glass

Skill      XL: |  1 |
---------------+----+-----
Dodging        | 3 |  3.7
Fighting       | 1 |  1.7
Maces & Flails | |  0.2
Stealth        | |  2.1
Spellcasting   | |  2.0
Summonings     | |  4.0
Invocations    | |  0.3

Action                   || total
-------------------------++-------
Melee: Club              ||    76
       Unarmed           ||     2
Throw: Stone             ||     1
 Cast: Summon Small Mamm ||    33
  Use: Scroll            ||     6
       Potion            ||     3
 Stab: Sleeping          ||     2
       Distracted        ||     1
  Eat: Chunk             ||     2
Armor: Robe              ||    26
Dodge: Dodged            ||   118
